Map: Abyssal Reef LE

Players

Kelazhur

  • Race: Terran Terran
  • Spawn Location: 11:00

Nerchio - Winner!

  • Race: Zerg Zerg
  • Spawn Location: 5:00

Event: WCS Austin 2017

VOD

Have the link to the VOD?

Description

Time

  • Played on: April 29, 2017, 10:24 p.m.
  • Length: 16:15

All games in this series

Show
View Real Time Build Order
Export as new Build Order

Kelazhur Terran 

Build Orders: Hellion Opening, MMM Bio 

Get SALT Encoding   

  12  0:00  SCV  
  13  0:12  SCV  
  14  0:17  Supply Depot  
  14  0:24  SCV  
  15  0:38  SCV  
  15  0:40  Barracks  
  16  0:44  Refinery  
  16  0:50  SCV  
  17  1:02  SCV  
  18  1:15  SCV  
  19  1:27  Marine, Orbital Command  
  20  1:40  Command Center  
  20  1:44  Marine  
  21  1:53  SCV  
  22  2:01  Factory  
  22  2:03  Barracks Reactor  
  22  2:05  SCV  
  23  2:16  Supply Depot  
  23  2:18  Refinery  
  23  2:38  SCV  
  24  2:45  Starport  
  24  2:50  Hellion x2, SCV  
  29  2:54  Orbital Command  
  29  3:02  SCV  
  29  3:03  Barracks Tech Lab  
  30  3:12  Hellion x2  
  34  3:16  SCV  
  35  3:21  SCV  
  36  3:28  SCV  
  36  3:32  Supply Depot  
  37  3:35  SCV  
  37  3:36  Raven  
  44  3:41  Hellion x2  
  44  3:43  SCV  
  46  3:48  SCV  
  46  3:55  SCV  
  47  3:58  Supply Depot  
  47  4:00  SCV  
  48  4:07  SCV  
  49  4:13  SCV  
  48  4:19  SCV  
  46  4:25  SCV  
  46  4:26  Command Center  
  48  4:31  SCV  
  48  4:33  Raven, Barracks Tech Lab  
  48  4:37  SCV  
  50  4:41  Command Center  
  50  4:43  SCV  
  51  4:50  SCV  
  52  4:54  Supply Depot  
  52  4:55  SCV  
  53  5:01  Marine  
  53  5:02  Stimpack, SCV  
  55  5:07  SCV  
  55  5:11  Factory Reactor  
  55  5:12  Barracks  
  55  5:13  Barracks  
  55  5:14  SCV  
  57  5:18  Supply Depot  
  57  5:19  Marine, SCV  
  59  5:26  SCV  
  58  5:30  Engineering Bay x2  
  58  5:31  SCV  
  58  5:35  Starport Reactor  
  59  5:37  Marine  
  59  5:38  Refinery, SCV  
  59  5:39  Refinery  
  59  5:41  Supply Depot  
  61  5:44  SCV  
  62  5:50  SCV  
  62  5:54  Orbital Command  
  62  5:56  Terran Infantry Armor Level 1, Terran Infantry Weapons Level 1, SCV  
  64  5:57  Marine  
  64  6:00  Marine x2  
  64  6:01  Barracks  
  64  6:02  Barracks  
  67  6:06  SCV  
  67  6:10  Marine x2  
  66  6:12  SCV  
  66  6:16  Siege Tank, Medivac x2, Marine  
  69  6:18  SCV  
  69  6:23  Marine x2  
  72  6:27  Marine, SCV  
  72  6:28  Marine  
  72  6:32  SCV  
  76  6:34  Marine  
  76  6:37  Armory, Orbital Command  
  76  6:39  SCV  
  78  6:40  Marine  
  78  6:41  Marine  
  78  6:44  SCV  
  78  6:45  Marine  
  82  6:47  Supply Depot  
  82  6:49  Barracks Reactor x2  
  82  6:51  Marine  
  82  6:52  SCV  
  84  6:56  Marine  
  84  6:57  SCV  
  84  6:58  Marine x2  
  88  7:03  Marine  
  88  7:04  SCV  
  88  7:07  Supply Depot  
  89  7:08  Marine  
  89  7:15  Marauder  
  85  7:16  Marine x2  
  85  7:21  Marine, SCV  
  80  7:25  Marine x3, SCV  
  80  7:26  Marine  
  80  7:33  Marine  
  80  7:34  Marine  
  80  7:35  Marine  
  80  7:36  Marauder, Orbital Command  
  84  7:39  Marine  
  84  7:40  Siege Tank  
  84  7:42  Marine, SCV  
  84  7:43  Marine  
  90  7:45  Marine  
  90  7:47  Marine  
  92  7:51  Marine  
  92  7:54  Medivac x2  
  92  7:58  Marauder  
  99  8:00  Marine x2  
  99  8:01  Combat Shields  
  99  8:02  Terran Infantry Weapons Level 2  
  99  8:05  Marine  
  102  8:08  Marine, SCV x3  
  102  8:09  Marine x3  
  109  8:15  Marine  
  109  8:16  Supply Depot, Siege Tank  
  113  8:21  Refinery  
  113  8:22  Marauder, Marine  
  113  8:26  Barracks, Terran Infantry Armor Level 2  
  116  8:27  Barracks  
  116  8:34  Marine  
  117  8:37  Marine x6  
  117  8:39  Marine  
  117  8:40  Supply Depot  
  124  8:41  Supply Depot  
  124  8:44  SCV  
  125  9:01  Marine x2, SCV x2  
  125  9:02  Marauder  
  131  9:03  Supply Depot x2, Marine  
  131  9:04  Marine x5  
  131  9:06  Siege Tank  
  140  9:11  Supply Depot  
  140  9:13  Supply Depot  
  140  9:19  Marine  
  141  9:25  Marauder  
  141  9:28  Marine x6  
  141  9:29  Barracks Tech Lab x2  
  141  9:30  Marine  
  150  9:36  Medivac x2  
  150  9:37  Marine  
  153  9:38  Siege Tank  
  153  9:44  Supply Depot  
  156  9:45  Supply Depot  
  156  9:47  Marauder, Command Center  
  156  9:50  Marauder, Marine  
  156  9:51  Marauder  
  156  9:52  Marine x3  
  166  10:01  Marine x4  
  166  10:03  Supply Depot  
  166  10:04  Terran Vehicle Weapons Level 1  
  170  10:08  Marauder, Marine  
  170  10:10  Siege Tank  
  170  10:12  Marauder  
  178  10:17  Marine  
  178  10:18  Marauder  
  181  10:22  Marine x4  
  181  10:23  Marine x2, Concussive Shells  
  181  10:26  Marine  
  184  10:29  Terran Infantry Weapons Level 3, Marauder  
  177  10:36  Marauder  
  177  10:39  Marauder, Marine  
  161  10:43  Marine  
  161  10:48  Medivac x2  
  158  10:50  Marine x3  
  158  10:51  Marauder  
  156  10:57  Marauder  
  156  11:01  Liberator x2, Marauder  
  151  11:10  Marine x6  
  157  11:12  Marauder  
  154  11:19  Marauder  
  154  11:22  Terran Infantry Armor Level 3  
  154  11:24  Marine x2  
  164  11:28  Marauder  
  164  11:29  Marine  
  167  11:34  Marauder  
  167  11:36  Planetary Fortress  
  169  11:44  Liberator x2, Marauder, Marine x5  
  176  11:50  Starport  
  176  11:51  Fusion Core  
  176  11:58  Marine  
  176  11:59  Marine x2  
  182  12:08  Marauder x2, Marine x6  
  187  12:11  Siege Tank  
  194  12:16  Marine  
  194  12:23  Marine  
  194  12:24  Marine  
  194  12:26  Marine  
  194  12:27  Marauder, Marine x2  
  194  12:29  Liberator x2  
  199  12:31  Starport Tech Lab  
  199  12:33  Starport  
  193  12:38  Liberator  
  195  12:58  Refinery x2  
  195  13:12  Command Center  
  195  13:13  Liberator, Starport Reactor  
  195  13:15  Advanced Ballistics  
  194  13:23  Liberator  
  194  13:26  Missile Turret  
  194  13:28  Missile Turret, Sensor Tower  
  187  13:34  Liberator, Sensor Tower  
  184  13:46  Liberator  
  187  13:59  Refinery  
  187  14:01  Command Center  
  187  14:06  Marauder x3, Marine x4  
  200  14:15  Missile Turret x2  
  200  14:16  Terran Ship Weapons Level 1  
  200  14:52  Viking  
  197  15:18  Missile Turret  
  197  15:20  Missile Turret  
  197  15:21  Missile Turret x2  
  184  15:25  Marauder  
  121  15:29  Marauder x2  
  121  15:30  Refinery  
  121  15:31  Refinery  
  121  15:32  Marine x3  
  121  15:33  Marine x5  
  129  15:47  Marauder  
  130  15:50  Marine x5  
  130  15:51  Marauder x2, Marine  
  130  15:52  Marine x2  
Show
View Real Time Build Order
Export as new Build Order

Nerchio Zerg - Winner!

Build Orders: Pool First 

Get SALT Encoding   

  12  0:00  Drone  
  13  0:12  Overlord  
  13  0:17  Drone  
  14  0:31  Drone x2  
  14  0:35  Drone  
  17  0:44  Spawning Pool  
  17  0:48  Drone  
  17  0:56  Drone  
  18  0:59  Extractor  
  17  1:06  Drone  
  18  1:19  Hatchery  
  17  1:30  Queen  
  19  1:33  Zergling x2  
  19  1:37  Drone  
  21  1:44  Overlord  
  21  1:49  Drone  
  22  1:59  Metabolic Boost  
  22  2:03  Drone  
  23  2:09  Queen  
  23  2:12  Drone  
  26  2:22  Drone  
  27  2:30  Drone, Queen  
  27  2:33  Drone  
  31  2:38  Drone x2  
  31  2:42  Overlord  
  33  2:46  Drone  
  34  3:02  Hatchery  
  34  3:04  Drone  
  34  3:06  Drone  
  34  3:08  Drone  
  34  3:10  Drone  
  38  3:12  Drone  
  38  3:18  Overlord  
  38  3:19  Drone  
  39  3:21  Drone  
  39  3:26  Zergling x4  
  42  3:32  Roach Warren  
  40  3:34  Zergling x4  
  40  3:40  Queen  
  44  3:43  Drone  
  44  3:44  Drone  
  46  3:50  Drone, Overlord  
  46  3:51  Drone  
  46  3:53  Drone  
  49  3:56  Drone  
  49  4:00  Zergling x2  
  49  4:02  Overlord  
  51  4:09  Overlord  
  51  4:11  Lair  
  51  4:12  Extractor  
  51  4:14  Drone x2  
  51  4:15  Drone  
  53  4:18  Drone x2  
  53  4:20  Drone  
  53  4:22  Drone  
  57  4:24  Drone  
  57  4:26  Drone  
  57  4:31  Drone x3  
  59  4:33  Drone  
  59  4:37  Extractor  
  58  4:39  Drone  
  58  4:40  Evolution Chamber, Extractor  
  58  4:41  Drone  
  58  4:42  Drone  
  59  4:48  Roach  
  59  4:52  Spore Crawler  
  60  4:54  Roach  
  60  4:55  Roach  
  60  4:56  Roach  
  60  4:58  Roach  
  64  5:00  Drone x2  
  64  5:05  Roach  
  64  5:06  Roach  
  70  5:09  Drone  
  70  5:10  Drone  
  70  5:11  Drone  
  70  5:12  Drone  
  74  5:17  Glial Reconstitution  
  74  5:22  Zerg Ground Armor Level 1  
  74  5:25  Overlord  
  74  5:27  Drone x2  
  72  5:28  Drone  
  72  5:30  Drone  
  72  5:31  Drone  
  72  5:33  Drone  
  76  5:35  Drone  
  76  5:38  Overlord  
  76  5:40  Drone  
  76  5:41  Drone  
  79  5:43  Overseer  
  79  5:44  Drone  
  79  5:46  Drone  
  79  5:48  Drone x2  
  83  5:51  Drone x2  
  83  5:53  Drone  
  83  5:56  Overlord  
  86  6:03  Zergling x10  
  91  6:18  Drone x9  
  100  6:20  Infestation Pit, Extractor x2  
  94  6:25  Drone  
  94  6:29  Queen  
  94  6:30  Overlord x2  
  94  6:32  Drone x2  
  99  6:35  Evolution Chamber  
  98  6:40  Hatchery  
  97  6:50  Zergling x8  
  97  6:51  Zergling x10  
  106  6:55  Overlord  
  106  6:59  Roach  
  106  7:00  Roach  
  110  7:02  Roach  
  114  7:08  Roach  
  114  7:17  Roach x3  
  114  7:19  Roach x2  
  114  7:20  Roach  
  120  7:22  Roach  
  120  7:23  Roach x2  
  120  7:24  Roach  
  120  7:25  Overlord x2, Hive  
  120  7:26  Zerg Melee Weapons Level 1  
  119  7:37  Overlord  
  119  7:39  Zerg Ground Armor Level 2  
  119  7:42  Drone  
  119  7:43  Drone x2  
  122  7:44  Drone  
  122  7:45  Drone x3  
  122  7:49  Drone  
  122  7:50  Drone x2  
  129  7:54  Drone x2  
  129  7:55  Infestor x4, Burrow  
  129  7:57  Roach  
  141  8:01  Roach  
  141  8:04  Overlord  
  141  8:05  Spore Crawler x2  
  141  8:08  Overlord  
  141  8:11  Roach  
  143  8:13  Overlord x2  
  143  8:15  Overlord  
  143  8:17  Overlord  
  143  8:22  Extractor  
  143  8:25  Ravager x5  
  149  8:27  Roach x5, Extractor  
  149  8:28  Zergling x2  
  149  8:29  Zergling x2  
  149  8:31  Zergling x4  
  149  8:34  Zergling x6  
  162  8:36  Zergling x4  
  162  8:37  Zergling x4  
  162  8:39  Pneumatized Carapace  
  162  8:41  Zergling x2  
  168  8:54  Adrenal Glands  
  168  8:56  Ultralisk Cavern  
  168  9:01  Zergling x16  
  167  9:04  Zergling x4  
  169  9:11  Hatchery  
  169  9:12  Zergling x14  
  169  9:13  Zergling x2  
  174  9:37  Overlord  
  174  9:42  Chitinous Plating  
  174  9:43  Ultralisk x2  
  174  9:45  Overlord  
  186  9:56  Ultralisk x2  
  198  10:04  Spire  
  198  10:06  Baneling Nest  
  196  10:13  Zerg Melee Weapons Level 2  
  196  10:15  Zerg Ground Armor Level 3  
  196  10:22  Hatchery  
  183  10:37  Ultralisk x3  
  183  10:40  Ultralisk  
  156  10:54  Zergling x4  
  156  10:55  Zergling x8  
  147  11:00  Ultralisk  
  147  11:03  Zergling x2  
  147  11:04  Zergling x16  
  160  11:10  Extractor  
  161  11:14  Ultralisk  
  167  11:19  Ultralisk  
  167  11:22  Drone x2  
  167  11:23  Drone  
  176  11:34  Corruptor x3  
  176  11:39  Corruptor  
  181  11:42  Corruptor  
  181  11:44  Drone  
  181  11:45  Drone x2  
  181  11:46  Drone  
  185  11:49  Spore Crawler  
  184  11:57  Greater Spire  
  183  12:01  Drone  
  183  12:02  Drone  
  183  12:03  Corruptor x2  
  188  12:09  Corruptor  
  188  12:10  Corruptor  
  188  12:13  Extractor  
  191  12:27  Corruptor x3  
  192  12:31  Drone x6  
  196  12:40  Corruptor x2  
  200  12:59  Drone x6  
  200  13:01  Zerg Melee Weapons Level 3, Centrifical Hooks  
  200  13:04  Zergling x8  
  200  13:06  Extractor  
  200  13:08  Zergling x2  
  200  13:14  Spore Crawler  
  200  13:16  Spore Crawler  
  195  13:51  Brood Lord x3  
  199  13:57  Brood Lord  
  199  14:00  Brood Lord x2  
  199  14:04  Baneling  
  199  14:05  Baneling x11  
  199  14:34  Hatchery  
  199  14:36  Overseer  
  199  14:37  Overseer x3  
  198  15:01  Spore Crawler  
  198  15:02  Spore Crawler x2  
  198  15:03  Spore Crawler  
  198  15:05  Spore Crawler  
  198  15:06  Drone x4, Spore Crawler  
  198  15:07  Drone  
  189  15:27  Infestor x3  
  169  15:29  Corruptor  
  169  15:30  Overlord x2  
  169  15:31  Overlord x2  
  171  15:44  Overlord  
Tags
 
Add a new tag
Caveats
  • Supply blocks, unpowered buildings, or Contaminate may cause inaccurate times.
  • Supply counts are checked every 10 seconds.